 Dungeon Crawl Stone Soup version 0.31.0-11-ge490571c62 (webtiles) character file.

Game seed: 3020323057377360222

280 qw the Shooter (level 6, 0/30 HPs)
             Began as a Spriggan Hunter on Feb 4, 2024.
             Slain by Pikel
             ... wielding a +1 whip of flaming
              (7 damage)
             ... on level 4 of the Dungeon.
             The game lasted 00:00:38 (2784 turns).

qw the Shooter (Spriggan Hunter)                    Turns: 2784, Time: 00:00:39

Health: 0/30       AC:  2    Str:  7    XL:     6   Next: 5%
Magic:  7/7        EV: 20    Int: 11    God:
Gold:   144        SH:  0    Dex: 20    Spells: 5/5 levels left

rFire   . . .        a - +2 shortbow
rCold   . . .        (shield currently unavailable)
rNeg    . . .        c - +0 robe
rPois   .            (helmet restricted)
rElec   .            (no cloak)
rCorr   .            (gloves unavailable)
SInv    +            (boots unavailable)
Will    +....        (no amulet)
Stlth   ++           (no ring)
HPRegen 0.25/turn    (no ring)
MPRegen 0.10/turn

%: no passive effects
@: about to teleport, very quick
A: very small, no large weapons, unfitting armour, see invisible, speed 3
a: no special abilities


You were on level 4 of the Dungeon.
You visited 1 branch of the dungeon, and saw 4 of its levels.

You collected 144 gold pieces.


Innate Abilities, Weirdness & Mutations

You are very small and have problems with some larger weapons.
You are too small for most types of armour.
You have supernaturally acute eyesight. (SInv)
You cover ground extremely quickly. (Speed+++)


   Skills:
 - Level 2.1 Fighting
 - Level 6.2 Ranged Weapons
 + Level 5.2 Dodging
 - Level 1.5 Stealth


You had 5 spell levels left.
You didn't know any spells.
Your spell library was empty.

Inventory:

Hand Weapons
 a - a +2 shortbow (weapon)
Armour
 c - a +0 robe (worn)
Wands
 b - a wand of roots (13)
 g - a wand of charming (12)
 o - a wand of flame (22)
Scrolls
 j - a scroll of summoning {unknown}
Potions
 d - a potion of haste {unknown}
 e - 2 potions of heal wounds
 f - a potion of invisibility {unknown}
 h - a potion of mutation {unknown}
 i - a potion of curing
 k - a potion of degeneration {unknown}
 l - a potion of might
 n - a potion of enlightenment {unknown}

Dungeon Overview and Level Annotations

Branches:
Dungeon (4/15)
 Temple: D:4-7

Altars:
Dithmenos
Gozag
Xom

Annotations:
D:4 1 runed translucent door, Pikel; qw's ghost, amateur DEHu


Message History

The lemure is lightly wounded.
You shoot an arrow. The arrow barely misses the lemure.
You shoot an arrow. The arrow misses the lemure.
The arrow hits Pikel!
Pikel is moderately wounded.
The lemure misses you.
You shoot an arrow. The arrow hits the lemure.
The lemure is moderately wounded.
The lemure completely misses you.
You shoot an arrow. The arrow completely misses the lemure.
The arrow closely misses Pikel.
You shoot an arrow.
The arrow hits Pikel but does no damage.
Pikel is moderately wounded.
You shoot an arrow. The arrow hits Pikel.
Pikel is moderately wounded.
Pikel barely misses you.
You shoot an arrow. The arrow hits Pikel.
Pikel is moderately wounded.
Pikel completely misses you.
You shoot an arrow. The arrow hits Pikel.
Pikel is heavily wounded.
Pikel misses you.
You shoot an arrow. The arrow hits Pikel!
Pikel is severely wounded.
Pikel closely misses you. x2
You shoot an arrow. The arrow hits Pikel.
Pikel is severely wounded.
Pikel hits you with a +1 whip of flaming!
Pikel burns you.
You shoot an arrow. The arrow hits Pikel.
Pikel is severely wounded.
Pikel says, "You'll feel the lick of my whip!"
Pikel hits you with a +1 whip of flaming!
Pikel burns you.
2784 ||| READING scroll of teleportation.
As you read the scroll of teleportation, it crumbles to dust.
You feel strangely unstable.
Pikel hits you with a +1 whip of flaming!
You die...
Pikel says, "See you in Hell!"

##......................
###...###...............
#.#.............#...##..
#.#...###...#..>#.#...##.
#.#...# #.......#........
#.###.# #..............
#.....# #.....#.. ...
####### #.##..####5###.#
...##....@K5.:..#
###.####.###5###...
........# .# #######.# .#
#.# .. #.# ## ###


You could see Pikel and 3 lemures.

Vanquished Creatures
  Blork the orc (D:4)
  A bombardier beetle (D:4)
  2 iguanas (D:4)
  6 adders
  2 dart slugs
  A ribbon worm (D:2)
  3 orcs (D:4)
  8 ball pythons
  7 endoplasms
  3 giant cockroaches
  7 hobgoblins
  4 jackals (D:2)
  2 quokkas
  5 bats
  A frilled lizard (D:3)
  6 goblins
  2 kobolds
  3 rats
64 creatures vanquished.

Notes
Turn   | Place    | Note
-------+----------+-------------------------------------------
     0 | D:1      | qw the Spriggan Hunter began the quest for the Orb.
     0 | D:1      | Reached XP level 1. HP: 10/10 MP: 2/2
     0 | D:1      | 0 ||| qw: Version: 0.3-a-160-g6735b56
     0 | D:1      | 0 ||| qw: Game counter: 5770
     0 | D:1      | 0 ||| qw: Melee chars always use a shield: true
     0 | D:1      | 0 ||| qw: God list: Okawaru
     0 | D:1      | 0 ||| qw: Allow faded altars: false
     0 | D:1      | 0 ||| qw: Do Orc after clearing Dungeon:15 true
     0 | D:1      | 0 ||| qw: Do second Lair branch before Depths: true
     0 | D:1      | 0 ||| qw: Lair rune preference: random
     0 | D:1      | 0 ||| qw: Goals: Normal
     0 | D:1      | 0 ||| PLANNING D:1-11
    77 | D:1      | Reached skill level 3 in Dodging
   148 | D:1      | Reached XP level 2. HP: 14/14 MP: 3/3
   642 | D:1      | 642 ||| READING scroll labelled HICSUISTRAE.
   643 | D:1      | 643 ||| READING scroll labelled UTZAIPTAMISO.
   643 | D:1      | 643 ||| ENCHANTING +0 shortbow.
   644 | D:1      | 644 ||| DROPPING scroll of butterflies.
   894 | D:2      | Reached XP level 3. HP: 18/18 MP: 4/4
  1232 | D:2      | Found a shadowy altar of Dithmenos.
  1415 | D:2      | Reached skill level 5 in Ranged Weapons
  1461 | D:2      | 1461 ||| READING scroll labelled ETO CYUTTIE.
  1562 | D:2      | 1562 ||| READING scroll labelled LASTRERAUCS.
  1565 | D:2      | 1565 ||| READING scroll labelled ODAWYTH VUIG.
  1566 | D:2      | 1566 ||| READING scroll labelled NIEGOZ FAFEO.
  1667 | D:2      | 1667 ||| DRINKING 2 purple potions.
  1668 | D:2      | 1668 ||| DRINKING 2 blue potions.
  1749 | D:3      | 1749 ||| READING scroll of enchant weapon.
  1749 | D:3      | 1749 ||| ENCHANTING +1 shortbow.
  1859 | D:3      | Reached XP level 4. HP: 22/22 MP: 5/5
  1977 | D:3      | Found a shimmering altar of Xom.
  2286 | D:3      | 2286 ||| READING scroll labelled GANER LAOCUJ.
  2287 | D:3      | 2287 ||| READING scroll labelled USTIXZIPERPH.
  2287 | D:3      | 2287 ||| IDENTIFYING clear potion
  2288 | D:3      | 2288 ||| READING scroll labelled FUEPRE MUPH.
  2289 | D:3      | 2289 ||| DRINKING 2 amethyst potions.
  2290 | D:3      | 2290 ||| DROPPING potion of magic.
  2333 | D:4      | 2333 ||| STAIRDANCE
  2501 | D:4      | Reached XP level 5. HP: 26/26 MP: 6/6
  2590 | D:4      | Noticed Blork the orc
  2602 | D:4      | Killed Blork the orc
  2603 | D:4      | Reached skill level 6 in Ranged Weapons
  2692 | D:4      | Reached XP level 6. HP: 30/30 MP: 7/7
  2692 | D:4      | Found an opulent altar of Gozag.
  2725 | D:4      | Found a runed translucent door.
  2729 | D:4      | Noticed qw's ghost (amateur DEHu)
  2766 | D:4      | Noticed Pikel
  2767 | D:4      | 2767 ||| RETREEEEATING.
  2783 | D:4      | HP: 6/30 [Pikel/+1 whip of flaming (2)]
  2784 | D:4      | 2784 ||| READING scroll of teleportation.
  2784 | D:4      | Slain by Pikel

Levels and vault maps discovered:
D:1:      ldierk_walled_garden, layout_loops_ring, minmay_pentomino_v2
D:2:      minmay_chambers_of_ones, layout_basic, basic_altar,
          kennysheep_generic_room_2
D:3:      minmay_wonky_spiral, layout_loops_ring, xom_teletrap_fun,
          chequers_serial_rivers_micro_a
D:4:      layout_basic, mainiacjoe_overflow_chevrons,
          mainiacjoe_overflow_boulevard, ebering_ghost_sewer_d,
          kennysheep_small_spiral, grunt_ministairs_12,
          minmay_fractal_squares_5, uniq_pikel, uniq_blork_the_orc, uniq_edmund

Skill      XL: |  1  2  3  4  5 |
---------------+----------------+-----
Dodging        | 3 4 5 |  5.2
Ranged Weapons | 5 6 |  6.2
Fighting       | 2 |  2.1
Stealth        | |  1.5

Action                     |  1- 3 |  4- 6 || total
---------------------------+-------+-------++-------
   Fire: Shortbow          |   102 |   106 ||   208
    Use: Scroll            |     7 |     4 ||    11
         Potion            |     2 |     1 ||     3
 Armour: Robe              |    10 |    12 ||    22
  Dodge: Dodged            |    19 |    47 ||    66

Table legend:
 A = Non-vault XP
 B = Vault XP
 C = Vault XP percentage of total XP
 D = Non-vault monster count
 E = Vault monster count
 F = Vault count percentage of total count
                 A         B        C        D         E       F
            +---------+---------+-------+---------+---------+-------
      Total |     258 |     142 |  35.5 |      46 |      18 |  28.1
            +---------+---------+-------+---------+---------+-------
        D:1 |      20 |       2 |   9.1 |      11 |       1 |   8.3
        D:2 |      50 |      16 |  24.2 |      15 |       7 |  31.8
        D:3 |      36 |      17 |  32.1 |       8 |       4 |  33.3
        D:4 |     152 |     107 |  41.3 |      12 |       6 |  33.3
            +---------+---------+-------+---------+---------+-------
